AoeStats
← Call_For_HD

Highland

506520172Analyzed
3v3 RM · 19d ago on Sep 13, 2026· 74m 9s· 6 players
Game mode
Random Map
Map size
Normal (6 player)
Population
200
Speed
Normal
Resources
Standard
Victory
Conquest
Starting age
Dark Age
Ending age
Imperial Age
RankedLock teamsTeams togetherTeam positionsShared explorationLock speedFull tech treeHidden civsTurbo modeCheats
Victory
Defeat
🇵🇪 Franks · Peru
914
+12
🇵🇪 Bulgarians · Peru
908
+12
🇵🇪 Slavs · Peru
908
+12
🇺🇸 Georgians · United States
850
-13
🇵🇪 Malay · Peru
819
-21
🇬🇧 Vietnamese · United Kingdom
803
-27
DPtheBananaKing
11:57 Feudal Age
18:46 Castle Age
16:38 Horse Collar
29:07 Imperial Age
26:33 Double-Bit Axe
36:25 Gold Mining
36:28 Stone Mining
37:57 Wheelbarrow
37:09 Loom
36:55 Elite Monaspa
38:03 Bow Saw
41:34 Bloodlines
41:25 Husbandry
41:42 Forging
41:37 Scale Barding Armor
43:30 Chain Barding Armor
43:46 Iron Casting
45:57 Hand Cart
48:10 Blast Furnace
47:46 Plate Barding Armor
47:38 Conscription
47:54 Caravan
52:29 Aznauri Cavalry
52:39 Aznauri Cavalry
Call_For_HD
15:50 Feudal Age
18:59 Wheelbarrow
25:56 Man-at-Arms
34:16 Castle Age
35:36 Long Swordsman
35:53 Crossbowman
36:40 Thumb Ring
37:31 Hand Cart
44:05 Squires
46:09 Fishing Lines
50:35 Imperial Age
56:35 Elite Battle Elephant
HellsCuy
2:42 Loom
11:11 Feudal Age
11:09 Fishing Lines
13:19 Fishing Lines
15:34 Double-Bit Axe
17:29 Wheelbarrow
18:31 Gold Mining
21:52 Castle Age
20:42 Man-at-Arms
21:09 Arson
21:23 Stone Mining
22:30 Gold Shaft Mining
23:00 Gillnets
23:24 Horse Collar
26:07 Hand Cart
26:11 Bow Saw
26:39 Stone Shaft Mining
28:27 Thalassocracy
33:41 Imperial Age
30:39 Long Swordsman
31:21 Squires
33:10 Clinker Construction
32:42 Treadmill Crane
33:13 Careening
34:46 Chemistry
35:00 Two-Handed Swordsman
35:19 Elite Cannon Galleon
37:08 Fletching
37:30 Forging
37:36 Forced Levy
37:27 Elite Karambit Warrior
39:41 Conscription
46:10 Iron Casting
48:59 Pikeman
Nikolai Stavrogin
2:20 Loom
12:41 Feudal Age
13:10 Double-Bit Axe
13:07 Horse Collar
15:43 Gold Mining
19:55 Stone Mining
23:07 Castle Age
24:16 Bow Saw
24:56 Stone Shaft Mining
24:58 Gold Shaft Mining
26:42 Wheelbarrow
28:40 Imperial Age
30:00 Wheelbarrow
29:52 Heavy Plow
32:41 Hand Cart
34:14 Caravan
34:38 Onager
35:55 Town Watch
36:24 Bloodlines
36:15 Husbandry
36:22 Scale Barding Armor
36:27 Forging
37:14 Masonry
37:12 Town Patrol
37:39 Siege Onager
37:42 Capped Ram
39:10 Light Cavalry
40:12 Chain Barding Armor
40:28 Iron Casting
40:26 Architecture
40:01 Siege Engineers
41:28 Conscription
40:29 Elite Konnik
41:05 Stirrups
41:47 Plate Barding Armor
42:13 Blast Furnace
41:16 Siege Ram
43:08 Crop Rotation
43:04 Hussar
43:46 Scale Mail Armor
43:32 Gambesons
43:48 Squires
43:33 Arson
47:05 Bagains
47:24 Chain Mail Armor
53:24 Plate Mail Armor
54:36 Pikeman
56:40 Halberdier
58:23 Heated Shot
64:03 Fletching
72:35 Spies/Treason
Fenstermacher
2:16 Loom
12:44 Feudal Age
13:24 Double-Bit Axe
18:32 Stone Mining
20:58 Town Watch
23:38 Castle Age
21:38 Gold Mining
26:16 Forging
27:09 Bow Saw
28:01 Wheelbarrow
27:28 Town Patrol
28:29 Scale Barding Armor
33:32 Imperial Age
34:05 Hand Cart
34:53 Caravan
35:39 Gold Shaft Mining
34:38 Cavalier
37:31 Conscription
39:43 Fortified Wall
39:40 Siege Engineers
39:47 Husbandry
39:09 Paladin
44:14 Iron Casting
43:59 Chain Barding Armor
43:43 Chivalry
43:13 Light Cavalry
47:34 Blast Furnace
48:56 Hoardings
47:45 Heavy Scorpion
48:50 Ballistics
49:30 Chemistry
54:14 Plate Barding Armor
71:52 Spies/Treason
Kawahara Sama
2:09 Loom
14:19 Feudal Age
16:36 Stone Mining
17:36 Horse Collar
25:03 Castle Age
26:39 Double-Bit Axe
26:56 Heavy Plow
26:48 Gold Mining
29:13 Detinets
31:49 Imperial Age
31:25 Fortified Wall
34:42 Gold Shaft Mining
34:41 Bow Saw
35:41 Masonry
36:32 Chemistry
36:22 Wheelbarrow
37:35 Hand Cart
37:43 Fletching
38:00 Scale Barding Armor
38:05 Forging
38:59 Crop Rotation
38:55 Caravan
39:01 Elite Boyar
40:09 Bodkin Arrow
42:24 Conscription
44:28 Hoardings
46:18 Murder Holes
46:44 Ballistics
47:36 Chain Barding Armor
47:52 Iron Casting
51:53 Plate Barding Armor
52:18 Blast Furnace
56:35 Siege Engineers
56:49 Bloodlines
56:39 Husbandry
73:47 Devotion
74:48 Faith
Connection lost

Rejoining the realm…

Still unreachable

The connection could not be restored.

Session expired

The server has moved on; the page needs a fresh start.